 Dungeon Crawl Stone Soup version bcrawl-1.40.1 (webtiles) character file.

Game seed: 12983757414323292411

315369 Mehrunes the Basher (level 10, -1/112 HPs)
             Began as an Ent Fighter on Oct 28, 2023.
             Was a Priest of the Shining One.
             Slain by a warg (11 damage)
             ... called by Grum
             ... on level 8 of the Dungeon on Oct 29, 2023.
             The game lasted 00:13:57 (7354 turns).

Mehrunes the Basher (Ent Fighter)                   Turns: 7354, Time: 00:13:58

Health: -1/112     AC: 17    Str: 24    XL:     10   Next: 11%
Magic:  10/10      EV: 10    Int: 12    God:    the Shining One [***...]
Gold:   499        SH: 10    Dex:  9    Spells: 8/9 levels left

rFire    . . .     GDR:     30% a - +0 flail
rCold    . . .     SeeInvis .   b - +0 medium shield
rNeg     + + +     Gourm    .   (armour unavailable)
rPois    +         Faith    .   (helmet restricted)
rElec    .         Spirit   .   (no cloak)
rCorr    .         Reflect  .   (gloves unavailable)
MR       +....                  (boots unavailable)
Stlth    +.........             (no amulet)
HPRegen  0.28/turn              (no ring)
MPRegen  0.12/turn              (no ring)

@: glowing, very slow
A: large, slow actions, passwall, strong branches, negative energy resistance 3,
poison resistance, slow metabolism 1, torment resistance, unbreathing, AC +17
a: Passwall, Divine Shield, Cleansing Flame, Renounce Religion


You were on level 8 of the Dungeon.
You worshipped the Shining One.
The Shining One was most pleased with you.
You were not hungry.

You visited 2 branches of the dungeon, and saw 9 of its levels.

You collected 535 gold pieces.
You donated 36 gold pieces to Zin.

Inventory:

Hand Weapons
 a - a +0 flail (weapon)
 v - a +0 giant spiked club
Missiles
 u - 258 poisoned tomahawks (quivered)
 C - 132 javelins
Armour
 b - a +0 medium shield (worn)
 D - a scarf of stasis
Jewellery
 A - an uncursed ring of ice {unknown}
Wands
 x - a wand of charming (7)
Scrolls
 d - 6 scrolls of teleportation
 f - 3 scrolls of remove curse {unknown}
 g - 2 scrolls of immolation {unknown}
 i - a scroll of identify
 j - 3 scrolls of noise {unknown}
 n - a scroll of revelation {unknown}
 o - 2 scrolls of enchant armour {unknown}
 t - a scroll of blinking {unknown}
 y - a scroll of amnesia {unknown}
 B - a scroll of enchant weapon {unknown}
Potions
 c - a potion of might
 h - 2 potions of heal wounds
 k - a potion of degeneration {unknown}
 l - a potion of magic {unknown}
 m - a potion of mutation {unknown}
 p - a potion of ambrosia {unknown}
 q - 2 potions of agility
 r - 2 potions of experience {unknown}
 s - 4 potions of curing {unknown}
 w - a potion of brilliance {unknown}
 z - 2 potions of berserk rage {unknown}
Comestibles
 e - 5 rations {!d}


   Skills:
 + Level 8.2 Fighting
 + Level 8.6 Maces & Flails
 + Level 4.0 Throwing
 + Level 6.9 Dodging
 + Level 6.2 Shields
 + Level 0.5 Invocations


You had 8 spell levels left.
You knew the following spells:

 Your Spells              Type           Power        Failure   Level  Hunger
a - Summon Butterflies    Summ           #.......     77%         1    None

Your spell library contained the following spells:

 Spells                   Type           Power        Failure   Level  Hunger
 Apportation              Tloc           #.....       77%         1    None
 Corona                   Hex            #......      77%         1    None
 Flame Tongue             Conj/Fire      #....        77%         1    None
 Freeze                   Ice            #.....       77%         1    None
 Infusion                 Chrm           #.......     77%         1    None
 Magic Dart               Conj           #...         77%         1    None
 Sandblast                Erth           #.....       77%         1    None
 Slow                     Hex            #.......     77%         1    None
 Sting                    Conj/Pois      #...         77%         1    None
 Blink                    Tloc           N/A          88%         2    ####...
 Call Imp                 Summ           #.....       88%         2    ####...
 Flaming Arrows           Chrm/Fire      #.......     88%         2    ####...
 Poisonous Vapours        Pois/Air       #.....       88%         2    ####...
 Conjure Flame            Conj/Fire      #.......     98%         3    #####..
 Ignite Poison            Fire/Tmut/Pois #.......     98%         3    #####..
 Inner Flame              Hex/Fire       N/A          98%         3    #####..
 Mephitic Cloud           Conj/Pois/Air  #.......     98%         3    #####..
 Olgreb's Toxic Radiance  Pois           #........    100%        4    ######.
 Sticky Flame             Conj/Fire      #.......     100%        4    ######.
 Summon Scorpions         Summ/Pois      #.......     100%        4    ######.
 Fireball                 Conj/Fire      #.........   100%        5    #######
 Metabolic Englaciation   Hex/Ice        #.........   100%        5    #######
 Venom Bolt               Conj/Pois      #.........   100%        5    #######
 Spider Form              Tmut/Pois      Unusable     N/A         3    N/A
 Blade Hands              Tmut           Unusable     N/A         5    N/A
 Necromutation            Tmut/Necr      Unusable     N/A         8    N/A

Dungeon Overview and Level Annotations

Branches:
Dungeon (8/12)             Temple (1/1) D:4
   Lair: D:7-9          Orc: D:8-11

Altars:
Ashenzari
Cheibriados
Dithmenos
Elyvilon
Fedhas
Gozag
Hepliaklqana
Lugonu
Makhleb
Nemelex Xobeh
Okawaru
Qazlal
Ru
Sif Muna
Trog
Uskayaw
Vehumet
Wu Jian
Xom
Yredelemnul
Zin
The Shining One

Shops:
D:4 :   D:6 *   D:7 =   D:8 %

Annotations:
D:3 1 runed door
D:7 3 runed translucent doors, Grijm's ghost, novice DrRe
D:8 Harold


Innate Abilities, Weirdness & Mutations

You move and act slowly.
You can pass through walls and trees.
Your branches can wield two-handed weapons with a shield.
Your thick bark is tough. (AC +17)
You are too large for most types of armour.
You are immune to negative energy. (rN+++)
Your system is resistant to poisons. (rPois)
You have a slow metabolism.
You are immune to unholy pain and torment.
You can survive without breathing.


Message History

You kill the adder!
The warg barely misses you. The warg bites you but does no damage.
The warg bites you. You block the warg's attack.
You block the two-headed ogre's attack.
The two-headed ogre hits you with a cursed -1 giant club!
* * * LOW HITPOINT WARNING * * *
A kobold comes into view.
The warg bites you but does no damage.
The kobold shouts!
You thump the warg!
The warg is moderately wounded.
You block the warg's attack. The warg bites you but does no damage.
You block the warg's attack. The warg bites you.
* * * LOW HITPOINT WARNING * * *
The two-headed ogre hits you with a +0 giant spiked club!
* * * LOW HITPOINT WARNING * * *
The two-headed ogre hits you with a cursed -1 giant club.
* * * LOW HITPOINT WARNING * * *
The warg bites you!
You die...

. . . ## #####
. ... ##%..## .
$... #.....# .
.....#.....#...
#
#[....h)O......
##@# #hh# #K##
#.......#
##.8......
#....K..##
#...)...#
#........
..........


You could see a two-headed ogre, 3 wargs, a kobold brigand and a kobold.

Vanquished Creatures
  Psyche (D:7)
  An unseen horror (D:7)
  Pikel (D:4)
  Grum (D:8)
  2 ice beasts
  A slave (D:4)
  A black bear (D:7)
  A necrophage (D:6)
  5 ogres
  A bullfrog (D:6)
  A kobold brigand (D:6)
  A centaur (D:6)
  2 scorpions (D:7)
  3 orc priests (D:7)
  2 howler monkeys
  5 crimson imps
  A bullfrog zombie (D:7)
  2 quasits (D:6)
  4 hounds
  A jelly (D:7)
  A bullfrog skeleton (D:6)
  3 iguanas
  5 orc wizards
  7 worker ants
  A hound zombie (D:7)
  A hound skeleton (D:6)
  Robin (D:2)
  7 gnolls
  A howler monkey skeleton (D:5)
  7 adders
  2 shadow imps
  5 worms
  3 dart slugs
  7 leopard geckos
  22 orcs
  A ball python (D:3)
  5 giant cockroaches
  9 goblins
  17 hobgoblins
  A jackal (D:2)
  3 quokkas
  6 bats
  6 frilled lizards
  2 goblin zombies (D:6)
  5 hobgoblin zombies (D:6)
  A jackal skeleton (D:5)
  19 kobolds
  2 kobold skeletons (D:6)
  2 orc skeletons (D:6)
  An orc zombie (D:6)
  7 rats
197 creatures vanquished.

Vanquished Creatures (others)
  A worker ant (D:4)
  An orc (D:8)
2 creatures vanquished.

Grand Total: 199 creatures vanquished

Notes
Turn   | Place    | Note
-------+----------+-------------------------------------------
     0 | D:1      | Mehrunes the Ent Fighter began the quest for the Orb.
     0 | D:1      | Reached XP level 1. HP: 25/25 MP: 1/1
   157 | D:1      | Reached XP level 2. HP: 33/33 MP: 2/2
   471 | D:1      | Reached XP level 3. HP: 28/42 MP: 3/3
  1083 | D:2      | Learned a level 1 spell: Summon Butterflies
  1117 | D:2      | Found a glowing silver altar of Zin.
  1193 | D:2      | Noticed Robin
  1226 | D:2      | Reached XP level 4. HP: 35/51 MP: 4/4
  1233 | D:2      | Killed Robin
  2055 | D:3      | Found a runed door.
  2133 | D:3      | Reached XP level 5. HP: 56/58 MP: 5/5
  2324 | D:3      | Found a stormy altar of Qazlal.
  2324 | D:3      | Found a hazy altar of Hepliaklqana.
  2551 | D:2      | Became a worshipper of Zin the Law-Giver
  2551 | D:2      | Reached * piety under Zin
  2807 | D:4      | Noticed a slave
  2835 | D:4      | Killed a slave
  2952 | D:4      | Reached ** piety under Zin
  2962 | D:4      | Noticed Pikel
  2966 | D:4      | Noticed a slave
  2968 | D:4      | Noticed a slave
  2977 | D:4      | Killed Pikel
  2978 | D:4      | Reached skill level 5 in Fighting
  2978 | D:4      | Reached skill level 5 in Maces & Flails
  2978 | D:4      | Reached XP level 6. HP: 57/71 MP: 6/6
  2978 | D:4      | Reached XP level 7. HP: 62/78 MP: 7/7
  3390 | D:4      | Found an opulent altar of Gozag.
  3435 | D:4      | Found Waiguir's Book Shoppe.
  3439 | D:4      | Found a staircase to the Ecumenical Temple.
  3449 | D:4      | Identified the Grimoire of the Mutagenic Frostbite
  3453 | Temple   | Entered the Ecumenical Temple
  3598 | Temple   | Fell from the grace of Zin
  3598 | Temple   | Became a worshipper of the Shining One
  3598 | Temple   | Reached * piety under the Shining One
  3740 | D:4      | Reached skill level 5 in Dodging
  3740 | D:4      | Reached XP level 8. HP: 88/89 MP: 8/8
  3822 | D:5      | Entered Level 5 of the Dungeon
  4353 | D:5      | Reached skill level 1 in Throwing
  4423 | D:5      | Found a corrupted altar of Lugonu.
  4711 | D:6      | Found Jickimuj's Assorted Antiques.
  4808 | D:6      | Found a snail-covered altar of Cheibriados.
  4901 | D:6      | Reached ** piety under the Shining One
  4908 | D:6      | Found a glowing golden altar of the Shining One.
  5125 | D:6      | Reached skill level 5 in Shields
  5837 | D:7      | Reached XP level 9. HP: 54/99 MP: 9/9
  5961 | D:7      | Found a shattered altar of Ashenzari.
  6020 | D:7      | Found Birov's Jewellery Boutique.
  6117 | D:7      | Found a shimmering altar of Xom.
  6117 | D:7      | Found a sacrificial altar of Ru.
  6125 | D:7      | Found a faded altar of an unknown god.
  6131 | D:7      | Found a sparkling altar of Nemelex Xobeh.
  6133 | D:7      | Found a basalt altar of Yredelemnul.
  6323 | D:7      | Found a blossoming altar of Fedhas.
  6492 | D:7      | Found a runed translucent gate.
  6492 | D:7      | Found a runed translucent gate.
  6492 | D:7      | Noticed a troll
  6493 | D:7      | Noticed Grijm's ghost (novice DrRe)
  6496 | D:7      | Found a runed translucent gate.
  6535 | D:7      | Found an ancient bone altar of Kikubaaqudgha.
  6571 | D:7      | Found a shimmering blue altar of Sif Muna.
  6590 | D:7      | Reached *** piety under the Shining One
  6819 | D:8      | Found Pegyhealo's Food Boutique.
  6819 | D:8      | Noticed Psyche
  6823 | D:8      | Noticed Harold
  6855 | D:7      | Killed Psyche
  6982 | D:8      | Noticed an unseen horror
  7012 | D:7      | Killed an unseen horror
  7013 | D:7      | Reached XP level 10. HP: 52/112 MP: 10/10
  7342 | D:8      | Noticed Grum
  7343 | D:8      | Noticed a two-headed ogre
  7350 | D:8      | Killed Grum
  7354 | D:8      | Slain by a warg

Skill      XL: |  1  2  3  4  5  6  7  8  9 |
---------------+----------------------------+-----
Maces & Flails | 3 5 6 7 8 |  8.6
Dodging        | 3 4 5 6 |  6.9
Fighting       | 4 5 6 7 8 |  8.2
Shields        | 3 4 5 6 |  6.2
Throwing       | 2 4 |  4.0
Invocations    | |  0.5

Action                   |  1- 3 |  4- 6 |  7- 9 | 10-12 || total
-------------------------+-------+-------+-------+-------++-------
Melee: Flail             |   182 |   207 |   345 |    16 ||   750
Throw: Tomahawk          |       |       |    23 |       ||    23
  Use: Scroll            |       |       |     3 |       ||     3
       Potion            |       |       |     1 |       ||     1
  Eat: Chunk             |     6 |     8 |    12 |       ||    26
       Ration            |       |     1 |     3 |     1 ||     5
Armor: Skin              |   129 |   156 |   261 |    15 ||   561
Dodge: Dodged            |    97 |    99 |   176 |    13 ||   385
Block: Medium shield     |   166 |   156 |   245 |    23 ||   590
